 Dungeon Crawl Stone Soup version 0.31-a0-844-gdc52ec4e09 (webtiles) character file.

Game seed: 14033117764692193531

987 graki42 the Trooper (level 7, -10/64 HPs)
             Began as a Minotaur Fighter on Sept 28, 2023.
             Mangled by a gargoyle
             ... wielding a +0 morningstar
              (23 damage)
             ... on level 5 of the Dungeon.
             The game lasted 00:09:33 (5337 turns).

graki42 the Trooper (Minotaur Fighter)              Turns: 5337, Time: 00:09:34

Health: -10/64     AC:  9    Str: 20    XL:     7   Next: 97%
Magic:  6/6        EV:  9    Int:  7    God:
Gold:   137        SH:  5    Dex: 10    Spells: 6/6 levels left

rFire   . . .        a - +0 flail
rCold   . . .        c - +0 buckler
rNeg    . . .        b - +0 scale mail
rPois   +            (helmet restricted)
rElec   .            y - +0 cloak
rCorr   .            (no gloves)
SInv    .            (no boots)
Will    .....        (no amulet) Stlth
                     t - ring of poison resistance
HPRegen 0.30/turn    (no ring)
MPRegen 0.10/turn

%: no passive effects
@: mighty
A: horns 2, retaliatory headbutt
a: no special abilities


You were on level 5 of the Dungeon.
You visited 1 branch of the dungeon, and saw 5 of its levels.

You collected 242 gold pieces.
You spent 105 gold pieces at shops.

Inventory:

Hand Weapons
 a - a +0 flail (weapon)
Armour
 b - a +0 scale mail (worn)
 c - a +0 buckler (worn)
 y - a +0 cloak (worn)
Jewellery
 t - a ring of poison resistance (left hand)
 v - a ring of wizardry
Scrolls
 g - a scroll of identify {unknown}
 j - a scroll of poison {unknown}
 m - 2 scrolls of teleportation
 o - a scroll of noise {unknown}
 q - a scroll of revelation {unknown}
 r - 2 scrolls of blinking
 s - 2 scrolls of vulnerability {unknown}
 u - a scroll of enchant weapon {unknown}
 x - a scroll of enchant armour {unknown}
Potions
 d - a potion of might
 e - a potion of degeneration {unknown}
 f - a potion of enlightenment
 h - a potion of brilliance {unknown}
 i - a potion of mutation {unknown}
 k - a potion of heal wounds {unknown}
 l - a potion of haste {unknown}
 n - 2 potions of invisibility {unknown}
 p - 3 potions of curing
 w - a potion of berserk rage {unknown}
 z - a potion of resistance {unknown}


   Skills:
 + Level 6.6 Fighting
 + Level 5.9 Maces & Flails
 + Level 6.5 Armour
 + Level 6.5 Shields


You had 6 spell levels left.
You didn't know any spells.
Your spell library contained the following spells:

 Spells                   Type           Power      Damage    Failure   Level
 Apportation              Tloc           0%         N/A       82%         1
 Ensorcelled Hibernation  Hex/Ice        0%         N/A       91%         2
 Jinxbite                 Hex            0%         N/A       91%         2
 Ozocubu's Armour         Ice            0%         N/A       99%         3
 Tukima's Dance           Hex            0%         N/A       99%         3
 Anguish                  Hex/Necr       0%         N/A       100%        4
 Passage of Golubria      Tloc           0%         N/A       100%        4
 Alistair's Intoxication  Tmut/Pois      0%         N/A       100%        5
 Metabolic Englaciation   Hex/Ice        0%         N/A       100%        5
 Yara's Violent Unravell  Hex/Tmut       0%         3d3       100%        5
 Simulacrum               Ice/Necr       0%         N/A       100%        6


Dungeon Overview and Level Annotations

Branches:
Dungeon (5/15)
 Temple: D:4-7

Altars:
Ashenzari
Nemelex Xobeh
Sif Muna
The Shining One

Shops:
D:1 !   D:5 *


Innate Abilities, Weirdness & Mutations

You have a pair of horns on your head.
You reflexively headbutt those who attack you in melee.


Message History

The puff of frost hits you.
You hit the white imp. You headbutt the white imp.
You kill the white imp!
You closely miss the phantom. The phantom closely misses you.
You miss the phantom.
The phantom hits you but does no damage.
The phantom hits you.
The phantom blinks!
You blink.
You sock the phantom! You headbutt the phantom.
The phantom is severely damaged.
You block the phantom's attack.
You sock the phantom!
You destroy the phantom!
You start resting.
A gargoyle is nearby!
You feel very mighty all of a sudden.
You hit the gargoyle.
The gargoyle is moderately damaged.
The gargoyle hits you with a +0 morningstar.
You hit the gargoyle.
You headbutt the gargoyle, but do no damage.
The gargoyle is moderately damaged.
The gargoyle hurls a stone arrow at you.
The stone arrow hits you!!
You barely miss the gargoyle.
The gargoyle is moderately damaged.
The gargoyle closely misses you.
You hit the gargoyle. Your headbutt misses the gargoyle.
The gargoyle is heavily damaged.
The gargoyle barely misses you.
You barely miss the gargoyle.
The gargoyle is heavily damaged.
The gargoyle hurls a stone arrow at you.
The stone arrow hits you!
* * * LOW HITPOINT WARNING * * *
The gargoyle hurls a stone arrow at you.
You block the stone arrow.
You barely miss the gargoyle.
The gargoyle is heavily damaged.
The gargoyle hits you with a +0 morningstar!!
You die...

## ##...............<.....######.
.###.................####........
..#..[...........#'#### ###......
[...>..)..########....# #......
.......####..).###.88.# #......
<......#.#.####..#.88.# ##......
.........#.# #..'....# #.......
....####.#.# ######### ##.......
...## ###.####.@9.# ##......##
..## ##....####.# ##......## ..#
###### ###......## ..# #$$#
#.........## ..# #([#
#.######...## ..# ###. ### #.....
..### #.#. #.## ##.... #...##
#.########..#######.... ###..###
##......................


You could see a gargoyle.

Vanquished Creatures
  A black bear (D:5)
  An ogre (D:5)
  A phantom (D:5)
  A scorpion (D:5)
  4 hounds (D:5)
  4 orc priests
  2 jellies (D:5)
  4 iguanas (D:5)
  An orc wizard (D:4)
  9 adders
  4 gnolls (D:3)
  3 white imps (D:5)
  An ufetubus (D:5)
  4 worms
  2 dart slugs
  16 orcs
  8 endoplasms
  2 giant cockroaches
  4 hobgoblins
  2 jackals (D:5)
  6 kobolds
  7 quokkas
  6 ball pythons
  9 bats
  5 frilled lizards
  5 goblins
  6 rats
118 creatures vanquished.

Notes
Turn   | Place    | Note
-------+----------+-------------------------------------------
     0 | D:1      | graki42 the Minotaur Fighter began the quest for the Orb.
     0 | D:1      | Reached XP level 1. HP: 19/19 MP: 0/0
   170 | D:1      | Reached XP level 2. HP: 27/27 MP: 1/1
   181 | D:1      | Found Wionlae's Distillery.
   395 | D:1      | You fall into a shaft and drop 1 floor!
   606 | D:2      | Reached XP level 3. HP: 21/33 MP: 2/2
   934 | D:2      | Reached XP level 4. HP: 40/41 MP: 3/3
   941 | D:2      | Found a broken altar of Ashenzari.
  1885 | D:3      | Reached XP level 5. HP: 30/47 MP: 4/4
  1979 | D:3      | Reached skill level 5 in Fighting
  2353 | D:3      | Found a shimmering blue altar of Sif Muna.
  2379 | D:3      | Reached skill level 5 in Armour
  2396 | D:3      | Found a sparkling altar of Nemelex Xobeh.
  2669 | D:4      | Reached skill level 5 in Shields
  2675 | D:4      | Reached XP level 6. HP: 56/56 MP: 5/5
  3684 | D:4      | Found a glowing golden altar of the Shining One.
  3819 | D:5      | Entered Level 5 of the Dungeon
  4151 | D:5      | Reached skill level 5 in Maces & Flails
  4151 | D:5      | Reached XP level 7. HP: 49/62 MP: 6/6
  4941 | D:5      | Found Duddy's General Store.
  4946 | D:5      | Bought a scroll of blinking for 75 gold pieces
  4946 | D:5      | Bought a scroll of teleportation for 30 gold pieces
  5308 | D:5      | Noticed a gargoyle
  5337 | D:5      | Mangled by a gargoyle

Illustrated notes

Levels and vault maps discovered:
D:1:      matt_arrival_spirals, layout_basic, serial_shops,
          nicolae_shop_tiny_waterfront, nicolae_titane
D:2:      layout_loops_ring, basic_altar, kennysheep_another_room, st_stairs_8
D:3:      layout_rooms, mainiacjoe_overflow_two_lobes, kennysheep_potato
D:4:      layout_layer_cave, tso_altar
D:5:      minmay_chambers_of_fours, layout_layer_cave, serial_shops,
          kennysheep_little_box, serial_glass, glass_columns_a, glass_columns_b,
          st_stairs_13

Skill      XL: |  1  2  3  4  5  6  7 |
---------------+----------------------+-----
Fighting       | 4 5 6 |  6.6
Maces & Flails | 3 4 5 |  5.9
Armour         | 4 5 6 |  6.5
Shields        | 4 5 6 |  6.5

Action                     |  1- 3 |  4- 6 |  7- 9 || total
---------------------------+-------+-------+-------++-------
  Melee: Flail             |    83 |   166 |    73 ||   322
         Headbutt          |    13 |    29 |    12 ||    54
    Use: Potion            |       |     2 |     1 ||     3
 Armour: Scale mail        |    69 |   124 |    43 ||   236
  Dodge: Dodged            |    52 |    73 |    31 ||   156
  Block: Buckler           |    19 |    41 |    14 ||    74

Table legend: (Time is in decaauts)
 A = Elapsed time spent in this place.
 B = Non-inter-level travel time spent in this place.
 C = Inter-level travel time spent in this place.
 D = Time resting spent in this place.
 E = Time spent auto-exploring this place.
 F = Levels seen in this place.
 G = Mean time per level.
                   A        B        C        D        E       F      G
               +--------+--------+--------+--------+--------+-----+--------+
         Total |   5407 |   5298 |    109 |    297 |   4230 |   5 | 1081.4 |
       Dungeon |   5407 |   5298 |    109 |    297 |   4230 |   5 | 1081.4 |
               +--------+--------+--------+--------+--------+-----+--------+

Top non-repeatable levels by time:
     D:5: 1533 daAuts
     D:4: 1212 daAuts
     D:1: 979 daAuts
     D:3: 941 daAuts
     D:2: 740 daAuts
